 Dungeon Crawl Stone Soup version 0.32-a0-876-gcfddb08e57 (webtiles) character file.

Game seed: 5555351547002811738

27340 Snowmansir the Executioner (level 13, 0/95 HPs)
             Began as a Minotaur Berserker on Apr 1, 2024.
             Was a High Priest of Trog.
             Succumbed to a redback's poison
             ... on level 1 of the Spider Nest.
             The game lasted 00:50:18 (12164 turns).

Snowmansir the Executioner (Minotaur Berserker)    Turns: 12164, Time: 00:50:18

Health: 0/95       AC: 13    Str: 31 (32) XL:     13   Next: 3%
Magic:  12/12      EV: 12    Int:  1 (4)  God:    Trog [*****.]
Gold:   844        SH:  0    Dex:  8 (11) Spells: 12/12 levels left

rFire   . . .        I - +5 battleaxe (flame)
rCold   . . .        (shield currently unavailable)
rNeg    . . .        u - +0 plate armour
rPois   .            (helmet restricted)
rElec   .            (no cloak)
rCorr   .            x - +0 pair of gloves
SInv    .            v - +0 pair of boots
Will    .....        B - amulet of regeneration Stlth
                     h - +5 ring of evasion
HPRegen 1.15/turn    K - +6 ring of strength
MPRegen 0.13/turn

%: no passive effects
@: lethally poisoned (0 -> -15), on berserk cooldown
A: horns 2, retaliatory headbutt
a: Renounce Religion, Berserk, Trog's Hand, Brothers in Arms


You were on level 1 of the Spider Nest.
You worshipped Trog.
Trog was extremely pleased with you.
You visited 3 branches of the dungeon, and saw 15 of its levels.

You collected 1068 gold pieces.
You spent 224 gold pieces at shops.

Inventory:

Hand Weapons
 G - a +2 heavy war axe
 I - a +5 battleaxe of flaming (weapon)
Armour
 u - a +0 plate armour (worn)
 v - a +0 pair of boots (worn)
 x - a +0 pair of gloves (worn)
 J - a +0 kite shield
Jewellery
 h - a +5 ring of evasion (left hand)
 A - a ring of ice
 B - an amulet of regeneration (around neck)
 K - a +6 ring of strength (right hand)
Wands
 e - a wand of flame (26)
 t - a wand of charming (20)
 w - a wand of polymorph (22)
 y - a wand of quicksilver (15)
Scrolls
 a - 6 scrolls of revelation {unknown}
 f - 2 scrolls of fear {unknown}
 g - 4 scrolls of enchant armour {unknown}
 i - 7 scrolls of identify {unknown}
 j - 4 scrolls of blinking {unknown}
 l - 5 scrolls of poison {unknown}
 m - 2 scrolls of amnesia {unknown}
 n - 10 scrolls of teleportation {unknown}
 p - a scroll of torment {unknown}
 q - 2 scrolls of brand weapon {unknown}
 r - 4 scrolls of fog {unknown}
 z - 4 scrolls of immolation {unknown}
Potions
 b - 5 potions of heal wounds {unknown}
 c - 8 potions of brilliance {unknown}
 d - 3 potions of attraction {unknown}
 k - 2 potions of degeneration
 o - a potion of invisibility {unknown}
 s - 2 potions of haste {unknown}
 C - 2 potions of enlightenment {unknown}
 D - 3 potions of curing {unknown}
 E - 4 potions of mutation {unknown}
 F - 2 potions of cancellation
 H - a potion of lignification {unknown}
 L - a potion of ambrosia {unknown}


   Skills:
 - Level 3.6 Fighting
 * Level 25.0 Axes
 - Level 2.4 Armour
 - Level 2.1 Dodging


You had 12 spell levels left.
You didn't know any spells.
Your spell library was empty.

Dungeon Overview and Level Annotations

Branches:
Dungeon (11/15)            Temple (0/1) D:5            Lair (3/5) D:11
 Shoals (0/4) Lair:2       Spider (1/4) Lair:3          Orc (0/2) D:10

Altars:
Gozag
Hepliaklqana
Okawaru
Qazlal
Wu Jian
Yredelemnul

Shops:
D:6 (


Innate Abilities, Weirdness & Mutations

You have a pair of horns on your head.
You reflexively headbutt those who attack you in melee.


Message History

Trog accepts your kill.
You hit the redback. You burn the redback.
You feel extremely sick. The redback bites you!
You are lethally poisoned!
The redback poisons you!
You slice the redback!! You burn the redback.
You kill the redback!
Trog accepts your kill.
You feel extremely sick.
There is a lethal amount of poison in your body!
There is a lethal amount of poison in your body!
There is a lethal amount of poison in your body!
There is a lethal amount of poison in your body!
There is a lethal amount of poison in your body!
There is a lethal amount of poison in your body!
There is a lethal amount of poison in your body!
You feel extremely sick.
A redback comes into view.
You feel extremely sick.
* * * LOW HITPOINT WARNING * * *
You feel extremely sick.
It was a potion of cancellation.
You feel magically purged.
* * * LOW HITPOINT WARNING * * *
You feel extremely sick. The redback bites you!
* * * LOW HITPOINT WARNING * * *
You slice the redback!! You burn the redback.
You kill the redback!
Trog accepts your kill.
* * * LOW HITPOINT WARNING * * *
You feel very sick.
Use which ability? (? or * to list) You're still recovering from your berserk rage.
Use which ability? (? or * to list)
You can't do that.
It was a potion of degeneration.
There was something very wrong with that liquid.
You feel weakened.
You feel dopey.
You feel clumsy.
You die...

#....###. .#
#....##.# .####.
#####.#.######.....#
#...)..........#
#.#............#
#^####..........# ..#
##.......... ...
#..........
).....^#####@†.......
... .................
... .####.....†..(...
####.........
#^#####.## ..# .#
...# ###.# #..


There were no monsters in sight!

Vanquished Creatures
  Gastronok (D:8)
  Harold (D:9)
  Fannar (Lair:3)
  A boulder beetle (D:8)
  Sonja (Lair:3)
  A demonic crawler (Spider:1)
  The ghost of onwiheg the Basher, a novice FoFi (D:6)
  A steelbarb worm (Spider:1)
  A wolf spider (Spider:1)
  10 elephants
  2 black mambas
  4 rime drakes
  Jeremiah (D:6)
  6 cane toads
  3 komodo dragons
  A polar bear (Lair:3)
  A hornet (D:9)
  2 trolls (D:10)
  4 blink frogs (Lair:2)
  2 tarantellas (Spider:1)
  3 wyverns
  A shadow (D:10)
  25 yaks
  5 basilisks
  2 steam dragons
  4 redbacks (Spider:1)
  Duvessa (D:4)
  8 water moccasins
  2 ice beasts
  A sky beast (D:7)
  4 orc warriors
  A black bear (D:6)
  The ghost of darkkles the Covered, an amateur MiFi (D:3)
  13 wolves
  5 centaurs
  2 ogres
  2 phantoms (D:6)
  3 kobold brigands
  3 scorpions (D:5)
  3 gnoll sergeants (D:9)
  11 bullfrogs
  Dowan (D:4)
  12 killer bees
  3 bombardier beetles
  2 hounds
  8 orc priests
  A gnoll bouda (D:8)
  4 iguanas
  Ijyb (D:4)
  10 orc wizards
  22 gnolls
  8 adders
  A shadow imp (D:7)
  A white imp (D:6)
  2 ufetubi (D:6)
  2 ribbon worms (D:2)
  4 dart slugs
  43 orcs
  8 ball pythons
  9 endoplasms
  2 giant cockroaches (D:3)
  6 goblins
  6 hobgoblins
  3 jackals (D:4)
  23 kobolds
  6 quokkas
  3 bats
  A frilled lizard (D:3)
  2 rats (D:1)
339 creatures vanquished.

Notes
Turn   | Place    | Note
-------+----------+-------------------------------------------
     0 | D:1      | Snowmansir the Minotaur Berserker began the quest for the
                  | Orb.
     0 | D:1      | Reached XP level 1. HP: 19/19 MP: 0/0
    87 | D:1      | Reached skill level 4 in Axes
   153 | D:1      | Reached XP level 2. HP: 12/26 MP: 1/1
   516 | D:1      | Reached skill level 5 in Axes
   754 | D:2      | Reached XP level 3. HP: 31/31 MP: 2/2
   778 | D:2      | Reached ** piety under Trog
  1208 | D:3      | Reached skill level 6 in Axes
  1208 | D:3      | Reached XP level 4. HP: 39/39 MP: 3/3
  1310 | D:3      | Found a runed translucent door.
  1310 | D:3      | Noticed darkkles's ghost (amateur MiFi)
  1573 | D:3      | Killed darkkles's ghost
  1574 | D:3      | Reached skill level 7 in Axes
  1574 | D:3      | Reached XP level 5. HP: 31/45 MP: 4/4
  1691 | D:3      | Identified the +1 leather armour "Bosmic Syad" {+Inv rN++
                  | Int+3 Dex-5}
  2323 | D:4      | Reached skill level 8 in Axes
  2338 | D:4      | Reached XP level 6. HP: 51/51 MP: 5/5
  2510 | D:4      | Noticed Dowan
  2511 | D:4      | Noticed Duvessa
  2528 | D:4      | Killed Duvessa
  2529 | D:4      | Killed Dowan
  2530 | D:4      | Reached skill level 9 in Axes
  3184 | D:4      | Noticed Ijyb
  3192 | D:5      | Entered Level 5 of the Dungeon
  3218 | D:4      | Killed Ijyb
  3409 | D:5      | Reached XP level 7. HP: 48/57 MP: 6/6
  3478 | D:5      | Reached skill level 10 in Axes
  3580 | D:5      | Reached *** piety under Trog
  3736 | D:5      | Found a staircase to the Ecumenical Temple.
  3757 | D:5      | Reached skill level 11 in Axes
  4094 | D:5      | Reached XP level 8. HP: 64/64 MP: 7/7
  4313 | D:6      | Reached skill level 12 in Axes
  4371 | D:6      | Found a runed translucent door.
  4372 | D:6      | Noticed onwiheg's ghost (novice FoFi)
  4403 | D:6      | Killed onwiheg's ghost
  4404 | D:6      | Reached skill level 13 in Axes
  4532 | D:6      | Found Caho's Antique Weapon Boutique.
  4540 | D:6      | Bought a runed broad axe for 224 gold pieces
  4560 | D:6      | Reached skill level 14 in Axes
  4741 | D:6      | Noticed Jeremiah
  4759 | D:6      | Killed Jeremiah
  4760 | D:6      | Reached XP level 9. HP: 68/68 MP: 8/8
  4956 | D:7      | Found an opulent altar of Gozag.
  5004 | D:7      | Reached skill level 15 in Axes
  5729 | D:7      | Reached skill level 16 in Axes
  6326 | D:8      | Noticed Gastronok
  6344 | D:8      | Killed Gastronok
  6345 | D:8      | Reached skill level 17 in Axes
  6345 | D:8      | Reached XP level 10. HP: 40/77 MP: 9/9
  6624 | D:8      | Reached **** piety under Trog
  6997 | D:8      | Noticed a boulder beetle
  7005 | D:8      | Killed a boulder beetle
  7006 | D:8      | Reached skill level 18 in Axes
  7306 | D:9      | Paralysed by a hornet for 3 turns
  7311 | D:9      | Paralysed by a hornet for 1 turns
  7709 | D:9      | Noticed Harold
  7718 | D:9      | Killed Harold
  7719 | D:9      | Reached skill level 19 in Axes
  7833 | D:9      | Found a basalt altar of Yredelemnul.
  7865 | D:9      | Found a hazy altar of Hepliaklqana.
  8061 | D:10     | Entered Level 10 of the Dungeon
  8156 | D:10     | Reached XP level 11. HP: 82/82 MP: 10/10
  8156 | D:10     | Reached ***** piety under Trog
  8405 | D:10     | Found an iron altar of Okawaru.
  8406 | D:10     | Found an ornate altar of the Wu Jian Council.
  8432 | D:10     | Found a staircase to the Orcish Mines.
  8615 | D:10     | Reached skill level 20 in Axes
  8852 | D:11     | Found a staircase to the Lair.
  8882 | Lair:1   | Entered Level 1 of the Lair of Beasts
  8977 | Lair:1   | Received a gift from Trog
  8983 | Lair:1   | Reached skill level 21 in Axes
  9189 | Lair:1   | Found a stormy altar of Qazlal.
  9858 | Lair:2   | Found a staircase to the Shoals.
  9866 | Lair:2   | Reached skill level 22 in Axes
  9954 | Lair:2   | Reached XP level 12. HP: 85/90 MP: 11/11
 10020 | Lair:2   | Found a frozen archway.
 10027 | Lair:2   | Reached skill level 23 in Axes
 10750 | Lair:3   | Noticed Fannar
 10755 | Lair:3   | Killed Fannar
 10862 | Lair:3   | Reached skill level 24 in Axes
 10903 | Lair:3   | Received a gift from Trog
 11440 | Lair:3   | Noticed Sonja
 11447 | Lair:3   | Killed Sonja
 11778 | Lair:3   | Found a hole to the Spider Nest.
 12091 | Spider:1 | Entered Level 1 of the Spider Nest
 12096 | Spider:1 | Noticed a demonic crawler
 12108 | Spider:1 | Killed a demonic crawler
 12116 | Spider:1 | Reached XP level 13. HP: 95/95 MP: 12/12
 12117 | Spider:1 | Reached skill level 25 in Axes
 12164 | Spider:1 | Succumbed to a redback's poison

Illustrated notes

Levels and vault maps discovered:
D:1:      nagdon_arrival_double_spiral, layout_basic
D:2:      layout_basic
D:3:      layout_basic, hellmonk_ghost_happy_afterlife,
          minmay_misc_feat_enclosed, dk_noncrumbling_3
D:4:      layout_cave_pods, uniq_duvessa, uniq_ijyb
D:5:      layout_loops_ring, minmay_temple_entry_junction
D:6:      layout_rooms, gammafunk_ghost_grave, minmay_statues_item,
          nicolae_wooded_promenade, uniq_jeremiah
D:7:      layout_loops_ring, mainiacjoe_overflow_chevrons,
          dreamdust_princess_bridge, hangedman_decor_clover_reticule
D:8:      layout_basic, uniq_gastronok
D:9:      layout_rooms, mainiacjoe_overflow_two_lobes, uniq_harold
D:10:     layout_gridville, gammafunk_temple_overflow_statue, hiddenorc1_lemuel,
          lightli_orcish_oven
D:11:     layout_layer_cave, david_lair_generic
Lair:1:   layout_regular_city, basic_altar, serial_bayou_shore_a,
          grunt_megastairs_2
Lair:2:   layout_gridlike, elwin_shoals_entry_rocks, portal_ice_cave_rime
Lair:3:   layout_layer_cave, spider_nest_entry_web_field, grunt_megastairs_4,
          uniq_fannar, uniq_sonja
Spider:1: layout_chambers, gammafunk_ghost_grave, uniq_roxanne

Skill      XL: |  1  2  3  4  5  6  7  8  9 10 11 12 13 |
---------------+----------------------------------------+-----
Axes           | 4 5 6 7 8 9 11 14 17 19 22 24 25 | 25.0
Fighting       | |  3.6
Armour         | |  2.4
Dodging        | |  2.1

Action                     |  1- 3 |  4- 6 |  7- 9 | 10-12 | 13-15 || total
---------------------------+-------+-------+-------+-------+-------++-------
  Melee: Hand axe          |    75 |   129 |    15 |       |       ||   219
         Headbutt          |    16 |    14 |    32 |    73 |       ||   135
         Unarmed           |       |     1 |       |       |       ||     1
         War axe           |       |       |    58 |   136 |       ||   194
         Broad axe         |       |       |   111 |   191 |       ||   302
         Battleaxe         |       |       |       |    57 |     7 ||    64
 Invoke: Berserk           |       |     2 |     5 |    10 |       ||    17
  Evoke: Box of beasts     |       |       |       |     2 |       ||     2
    Use: Potion            |       |       |       |       |     2 ||     2
 Armour: Animal skin       |     7 |       |       |       |       ||     7
         Ring mail         |    10 |       |       |       |       ||    10
         Chain mail        |    12 |    39 |       |       |       ||    51
         Skin              |     1 |       |       |       |       ||     1
         Plate armour      |       |    40 |   128 |   338 |     5 ||   511
  Dodge: Dodged            |    50 |    62 |    76 |   264 |     1 ||   453
  Block: Kite shield       |       |       |       |    99 |       ||    99

Table legend: (Time is in decaauts)
 A = Elapsed time spent in this place.
 B = Non-inter-level travel time spent in this place.
 C = Inter-level travel time spent in this place.
 D = Time resting spent in this place.
 E = Time spent auto-exploring this place.
 F = Levels seen in this place.
 G = Mean time per level.
                   A        B        C        D        E       F      G
               +--------+--------+--------+--------+--------+-----+--------+
         Total |  12348 |  11754 |    594 |   1241 |   8759 |  15 |  823.2 |
       Dungeon |   9000 |   8585 |    415 |   1129 |   6213 |  11 |  818.2 |
          Lair |   3268 |   3090 |    178 |    110 |   2501 |   3 | 1089.3 |
   Spider Nest |     79 |     79 |      0 |      1 |     44 |   1 |   79.0 |
               +--------+--------+--------+--------+--------+-----+--------+

Top non-repeatable levels by time:
  Lair:3: 1345 daAuts
     D:8: 1276 daAuts
     D:7: 1137 daAuts
     D:4: 1108 daAuts
     D:3: 1051 daAuts
  Lair:2: 973 daAuts
  Lair:1: 950 daAuts
     D:5: 949 daAuts
     D:1: 780 daAuts
     D:9: 765 daAuts
     D:6: 650 daAuts
    D:10: 631 daAuts
     D:2: 460 daAuts
    D:11: 189 daAuts
Spider:1: 79 daAuts
